 Dungeon Crawl Stone Soup version 0.24.0-2-g5b39cebb1c (webtiles) character file.

Game seed: 10221287997923129142, levelgen mode: deterministic

110 Chiseanne the Sneak (level 4, -4/42 HPs)
             Began as an Octopode Air Elementalist on Oct 30, 2019.
             Slain by a goblin
             ... wielding a +0 club
             ... led by Robin
              (6 damage)
             ... on level 3 of the Dungeon.
             The game lasted 00:02:18 (2061 turns).

Chiseanne the Sneak (Octopode Air Elementalist)     Turns: 2061, Time: 00:02:19

Health: -4/42      AC: 22    Str:  7    XL:     4   Next: 91%
Magic:  7/7        EV:  2    Int: 18    God:
Gold:   112        SH:  0    Dex: 12    Spells: 7/8 levels left

rFire    . . .     SeeInvis .   g - +4 short sword
rCold    . . .     Gourm    .   (no shield)
rNeg     + + +     Faith    .   (helmet currently unavailable)
rPois    +         Spirit   .   (no amulet)
rElec    .         Reflect  .   (no ring)
rCorr    .         Harm     .   (no ring)
MR       .....     NoTele   +   (no ring)
Stlth    ++........             (no ring)
HPRegen  0.14/turn              (no ring)
MPRegen  0.10/turn              (no ring)
                                (no ring)
                                (no ring)

@: tree-form
A: almost no armour, stealthy swim, (amphibious), 8 rings, (constrict 8)
a: no special abilities


You were on level 3 of the Dungeon.
You were hungry.
You were a tree.
You visited 1 branch of the dungeon, and saw 3 of its levels.

You collected 112 gold pieces.

Inventory:

Hand Weapons
 g - a +4 short sword (weapon)
 k - a cursed -3 spear
Missiles
 c - 32 bolts
 e - 61 arrows
 f - 59 stones (quivered)
 o - 14 poisoned darts
 q - 8 datura-tipped darts
Magical Staves
 l - an uncursed staff of conjuration {unknown}
Jewellery
 m - an uncursed ring of poison resistance {unknown}
Wands
 n - a wand of flame (18)
Scrolls
 a - a scroll of identify {unknown}
 d - a scroll of remove curse
 h - a scroll of teleportation {unknown}
 i - a scroll of fog {unknown}
 p - 2 scrolls of noise {unknown}
Potions
 s - a potion of degeneration {unknown}
 t - a potion of heal wounds {unknown}
Comestibles
 b - 5 rations


   Skills:
 * Level 1.5 Fighting
 * Level 2.6 Dodging
 * Level 3.6 Stealth
 * Level 2.6 Spellcasting
 * Level 1.9 Conjurations
 * Level 3.4 Air Magic


You had 7 spell levels left.
You knew the following spells:

 Your Spells              Type           Power        Failure   Level  Hunger
a - Shock                 Conj/Air       ##..         5%          1    #......

Your spell library contained the following spells:

 Spells                   Type           Power        Failure   Level  Hunger
 Swiftness                Chrm/Air       #.......     13%         2    ##.....
 Static Discharge         Conj/Air       ##......     17%         3    ###....
 Airstrike                Air            ##........   38%         4    #####..
 Lightning Bolt           Conj/Air       ##........   83%         5    ######.


Dungeon Overview and Level Annotations

Branches:
Dungeon (3/15)

Altars:
Kikubaaqudgha

Annotations:
D:3 Robin


Innate Abilities, Weirdness & Mutations

You cannot wear most types of armour.
You are very stealthy in the water. (Stealth+)
((You are amphibious.))
You can wear up to eight rings at the same time.
((You can use your tentacles to constrict eight enemies at once.))
((Your skin changes colour to match your surroundings (Stealth+).))
((Your rubbery body absorbs attacks. (AC +1, EV +1)))


Message History

Things that are here:
a +0 dagger; a goblin corpse Robin throws the goblin at you!
* * * LOW HITPOINT WARNING * * *
The goblin barely misses you.
You hit the goblin.
You kill the goblin!
The goblin hits you with a +0 club.
* * * LOW HITPOINT WARNING * * *
You see here a goblin corpse.
As you read the scroll labeled QUISAMEAWUE, it crumbles to dust.
You feel blessed for a moment.
It was a scroll of remove curse.
The goblin misses you.
It was a potion of curing.
You feel better. Robin barely misses you. The goblin hits you with a +0 club.
* * * LOW HITPOINT WARNING * * *
It was a potion of lignification.
You turn into a tree.
Your roots penetrate the ground.
Robin hits you but does no damage. The goblin hits you with a +0 club.
You die...

#.##...#... #
#.##.#.>.#
#.##g##.#...#
#...........#
####)##....[#
#g####..## #)#
#...#
#########g#
#...# ##
.......♣g.#
#...######.
#########.#
#........#. #.#
#.#.######. ...
##.#.######.
#..##...........
#..#...#.####.#.
#......#........
...............
.####........##


You could see Robin and a goblin.

Vanquished Creatures
  Jessica (D:3)
  2 adders
  A worm (D:2)
  A leopard gecko (D:2)
  2 ball pythons (D:2)
  5 giant cockroaches
  14 goblins
  5 hobgoblins
  3 jackals (D:2)
  9 bats
  A frilled lizard (D:2)
  3 kobolds (D:1)
  8 rats
55 creatures vanquished.

Vanquished Creatures (others)
  A human (D:2)
1 creature vanquished.

Grand Total: 56 creatures vanquished

Notes
Turn   | Place    | Note
-------+----------+-------------------------------------------
     0 | D:1      | Chiseanne the Octopode Air Elementalist began the quest for
                  | the Orb.
     0 | D:1      | Reached XP level 1. HP: 11/11 MP: 3/3
   238 | D:1      | Reached XP level 2. HP: 17/17 MP: 5/5
   442 | D:1      | You fall into a shaft and drop 1 floor!
   701 | D:2      | Reached XP level 3. HP: 22/22 MP: 6/6
   824 | D:2      | Reached skill level 1 in Fighting
  1527 | D:2      | Reached XP level 4. HP: 26/28 MP: 7/7
  1609 | D:2      | Found an ancient bone altar of Kikubaaqudgha.
  1612 | D:2      | Noticed a human
  1614 | D:2      | Killed a human
  1727 | D:3      | Noticed Jessica
  1740 | D:3      | Killed Jessica
  2035 | D:3      | Noticed Robin
  2060 | D:3      | HP: 1/28 [goblin/+0 club[Robin] (6)]
  2061 | D:3      | Slain by a goblin

Levels and vault maps discovered:
D:1:      lemuel_arrival_muddy, layout_rooms, serial_curves, eino_curves_01,
          eino_curves_03
D:2:      layout_basic, tgw_kikubaaqudgha
D:3:      layout_loops_ring, marbit_many_paths, first_ration,
          ebering_ghost_disaster_area, uniq_terence, uniq_robin, uniq_sigmund,
          uniq_jessica

Skill      XL: |  1  2  3 |
---------------+----------+-----
Stealth        | 3 |  3.6
Fighting       | 1 |  1.5
Dodging        | |  2.6
Spellcasting   | |  2.6
Conjurations   | |  1.9
Air Magic      | |  3.4

Action                   |  1- 3 |  4- 6 || total
-------------------------+-------+-------++-------
Melee: Short sword       |    64 |    27 ||    91
       Constrict         |     8 |     4 ||    12
       Tentacles         |     2 |       ||     2
  Use: Potion            |       |     2 ||     2
       Scroll            |       |     1 ||     1
 Stab: Sleeping          |    17 |     3 ||    20
  Eat: Chunk             |     2 |     1 ||     3
Armor: Skin              |     2 |     7 ||     9
Dodge: Dodged            |    32 |    32 ||    64
